Zazza, neutral male human Tourist ----- |...| ---------- |..f| |....<...+ ##|...| |........| #...@| |........-########---+- |........| ## |........| |........| ---------- ^ Zazza the Rambler Experience level: 1 Strength: 10 Dexterity: 11 Constitution: 17 Intelligence: 14 Wisdom: 9 Charisma: 18 Health: 0(13) Energy: 2(2) Def: 9 Gold: 838 Moves: 2514 Dungeon seed: 7BEiiRBEi8CMibZs Game ID: Zazza_1619420144 Your Inventory: Coins $ - 838 gold pieces Weapons a - 24 +2 darts p - a +0 silver dagger U - a blessed +0 orcish dagger (weapon in hand) Armor e - an uncursed +0 Hawaiian shirt (being worn) n - an uncursed +0 pair of speed boots (being worn) y - an uncursed +0 orcish helm (being worn) z - an uncursed +0 elven cloak (being worn) N - an uncursed +0 pair of leather gloves (being worn) Q - an uncursed +0 robe R - an uncursed +0 elven mithril-coat (being worn) Comestibles b - 2 uncursed tripe rations c - 2 uncursed slime molds f - 2 uncursed food rations g - an uncursed egg u - an uncursed lembas wafer Scrolls t - a blessed scroll of destroy armor v - an uncursed scroll of confuse monster w - an uncursed scroll of teleportation x - an uncursed scroll of gold detection D - an uncursed scroll of magic mapping Spellbooks s - an uncursed spellbook of knock Potions d - an uncursed potion of confusion j - 2 uncursed potions of extra healing F - an uncursed potion of hallucination G - a cursed potion of see invisible X - an uncursed potion of gain energy Z - an uncursed potion of object detection Wands q - a blessed wand of locking (0:2) T - a wand of make invisible (0:7) Tools k - an uncursed skeleton key l - an expensive camera (0:84) m - an uncursed credit card Gems r - an uncursed worthless piece of white glass Spells and supernatural/magical abilities: Name Level Category Fail Memory W - pray for help -- divine ? -- Your skills at the end: Fighting Skills Weapon Skills dart [Basic] Spellcasting Skills Final Attributes: You were nominally aligned. You were poison resistant. You were stealthy. You were very fast. You were lucky. You are dead. Vanquished creatures: a shrieker a floating eye 2 giant bats a dwarf zombie 2 coyotes a gas spore a hobgoblin a green mold a red mold a gnome 3 geckos 6 jackals a kobold a goblin a sewer rat 4 grid bugs 3 lichens 2 kobold zombies 7 newts 40 creatures vanquished. Voluntary challenges: You had followed a strict vegetarian diet until turn 1957. You used a wielded weapon 2 times, starting on turn 1376. You read items or engraved 13 times, starting on turn 25. You never genocided any monsters. You never polymorphed an object. You never changed form. You used no wishes. You never split a pudding. You wrote Elbereth's name 5 times, starting on turn 212. You never violated your personal moral code. Dungeon overview: The Dungeons of Doom: levels 1 to 7 Level 1 a fountain a long staircase Level 2 Level 3 a fountain, a sink Level 4 stairs to The Gnomish Mines Level 5 an armor shop, an altar to Blind Io Level 6 Level 7 <- You were here The Gnomish Mines: Level 5 stairs to The Dungeons of Doom History has recorded: On T:1 you entered the Dungeons of Doom to retrieve the Amulet of Yendor! On T:383 you reached level 2 of The Dungeons of Doom. On T:717 you reached level 3 of The Dungeons of Doom. On T:1126 you reached level 4 of The Dungeons of Doom. On T:1237 you reached level 1 of The Gnomish Mines. On T:1408 you reached level 5 of The Dungeons of Doom. On T:2157 you reached level 6 of The Dungeons of Doom. On T:2474 you reached level 7 of The Dungeons of Doom. Score breakdown: Gold: 764 ( 9809 points) Experience: 1 level ( 0 points) Exploration: 7 levels ( 14.58%) (10718 points) Discoveries: 12 items ( 4.03%) ( 6020 points) Valuables value: (no points given unless you survive) Artifact value: 0 ( 0 points) Variety of kills: 19 monsters ( 4.99%) ( 6699 points) Turncount: 2514 turns ( -338 points) Survival: died (score multiplied by 80%) Total score: 26326 Latest messages: Armand misses the green mold. (3x) Armand bites the green mold. The green mold is killed! Armand is splashed by its acid! N - a pair of riding gloves. You drop a pair of riding gloves. Armand picks up a pair of riding gloves. You stop. Armand is in the way! Armand drops a pair of riding gloves. You see here a pair of riding gloves. N - a pair of riding gloves. You start equipping your pair of riding gloves. You are now wearing a pair of riding gloves. You fall into a pit! You land on a set of sharp iron spikes! You can't reach over the edge of the pit. (7x) You are still in a pit. You crawl to the edge of the pit. The door opens. KABOOM!! The door was booby-trapped! You die... Final status: Aloha Zazza the Tourist, killed by an explosion... You died in The Dungeons of Doom on dungeon level 7 with 26326 points, and 838 pieces of gold, after 2514 moves. You were level 1 with a maximum of 13 hit points when you died.